 Dungeon Crawl Stone Soup version 0.31.0-12-g77e489cdc1 (webtiles) character file.

Game seed: 7749772831901165981

81 Ruich the Trooper (level 4, -3/31 HPs)
             Began as an Octopode Fighter on Feb 28, 2024.
             Slain by Robin
             ... wielding a +0 spear
              (5 damage)
             ... on level 2 of the Dungeon.
             The game lasted 00:03:44 (1516 turns).

Ruich the Trooper (Octopode Fighter)                Turns: 1516, Time: 00:03:45

Health: -3/31      AC:  1    Str: 17    XL:     4   Next: 40%
Magic:  4/4        EV: 13    Int: 10    God:
Gold:   63         SH:  4    Dex: 11    Spells: 1/4 levels left

rFire   . .          .
                       - Unarmed
rCold   . . .        a - +0 buckler
rNeg    . . .        (helmet restricted)
rPois   .            (no amulet)
rElec   .            (no ring)
rCorr   .            (no ring)
SInv    .            (no ring)
Will    +....        (no ring)
Stlth   +++          (no ring)
HPRegen 0.25/turn    (no ring)
MPRegen 0.09/turn    (no ring)
                     (no ring)

%: no passive effects
@: enlightened, flying
A: almost no armour, amphibious, 8 rings, camouflage 1, gelatinous body 1,
(nimble swimmer 1), tentacles
a: no special abilities


You were on level 2 of the Dungeon.
You visited 1 branch of the dungeon, and saw 2 of its levels.

You collected 63 gold pieces.


Innate Abilities, Weirdness & Mutations

You cannot wear most types of armour.
You are amphibious.
You can wear up to eight rings at the same time.
Your skin changes colour to match your surroundings (Stealth+).
Your rubbery body absorbs attacks. (AC +1, EV +1)
((You are camouflaged when in or above water. (Stealth+)))
You have tentacles for arms and can constrict up to eight enemies at once.


   Skills:
 + Level 3.3 Fighting
 + Level 3.3 Dodging
 + Level 1.6 Stealth
 + Level 3.3 Shields
 * Level 3.0 Unarmed Combat
 - Level 0.5 Spellcasting
 + Level 0.7 Ice Magic


You had one spell level left.
You knew the following spells:

 Your Spells              Type           Power      Damage    Failure   Level
o - Ozocubu's Armour      Ice            1%         N/A       71%         3

Your spell library contained the following spells:

 Spells                   Type           Power      Damage    Failure   Level
 Metabolic Englaciation   Hex/Ice        0%         N/A       100%        5
 Sculpt Simulacrum        Ice/Alch       0%         N/A       100%        6

Inventory:

Armour
 a - a +0 buckler (worn)
Jewellery
 h - a ring of positive energy
Talismans
 i - a talisman of death
Scrolls
 c - a scroll of silence {unknown}
 d - a scroll of brand weapon {unknown}
 e - a scroll of noise {unknown}
 f - a scroll of fog {unknown}
Potions
 b - 2 potions of might

Dungeon Overview and Level Annotations

Branches:
Dungeon (2/15)

Altars:

Shops:
D:1 ?

Annotations:
D:2 Robin

..... #.....†.............
.....##>...........##..###
............##.........#
...#.......##...##..####
......#............##
.#.....#....#.##..######.
...#..g.#.....##.........
#...#...######......###
#..#..#@...####.#..♣♣♣♣♣
#.#.#.#)#.#.............. #.
##)##.#######.##♣♣♣♣♣ # ## .##
##...###.# . ####..##....# #
#..))###.####
###############.#### #...##
#.......<.†.....# ###†.#
###.P.P...<.#...###########.###


You could see Robin.


Message History

You closely miss the goblin. You grab the goblin. You squeeze the goblin.
You kill the goblin!
Robin hits you from afar with a +0 spear.
You barely miss the hobgoblin. Your grab misses the hobgoblin.
Your squeeze misses the hobgoblin.
The hobgoblin no longer looks unusually strong.
Robin hits you from afar with a +0 spear.
* * * LOW HITPOINT WARNING * * *
The hobgoblin closely misses you.
You barely miss the hobgoblin. Your grab misses the hobgoblin.
Robin hits you from afar with a +0 spear.
* * * LOW HITPOINT WARNING * * *
The hobgoblin barely misses you.
You tentacle-slap the hobgoblin. Your grab misses the hobgoblin.
The hobgoblin is heavily wounded.
Robin hits you from afar with a +0 spear.
* * * LOW HITPOINT WARNING * * *
You block the hobgoblin's attack.
You closely miss the hobgoblin. Your grab misses the hobgoblin.
You squeeze the hobgoblin.
You kill the hobgoblin!
Robin hits you from afar with a +0 spear.
* * * LOW HITPOINT WARNING * * *
Unknown command.
It was a potion of enlightenment.
You feel very buoyant.
You fly up into the air.
Robin hits you from afar with a +0 spear.
You die...
Robin lets out a smug laugh.

Skill      XL: |  1  2  3  4 |
---------------+-------------+-----
Stealth        | 1 |  1.6
Unarmed Combat | 3 |  3.0
Fighting       | |  3.3
Dodging        | |  3.3
Shields        | |  3.3
Spellcasting   | |  0.5
Ice Magic      | |  0.7

Action                     |  1- 3 |  4- 6 || total
---------------------------+-------+-------++-------
  Melee: Unarmed           |    78 |    23 ||   101
         Constrict         |    18 |     8 ||    26
         Tentacles         |    15 |     5 ||    20
         Punch             |     3 |     1 ||     4
    Use: Potion            |       |     1 ||     1
   Stab: Sleeping          |     9 |       ||     9
 Armour: Skin              |    18 |    15 ||    33
  Dodge: Dodged            |    40 |    14 ||    54
  Block: Buckler           |     7 |     8 ||    15

Levels and vault maps discovered:
D:1:      onia_arrival_mini_spirals, layout_loops_ring, serial_shops,
          nicolae_shop_tiny_waterfront, serial_bayou_pond_d, corner_web_ring,
          minmay_pentomino_z4
D:2:      layout_rooms, serial_forest, infiniplex_forest_straight_2,
          infiniplex_forest_straight_2, infiniplex_forest_clump_double,
          infiniplex_forest_diagonal, infiniplex_forest_straight_2,
          infiniplex_forest_clump_large, infiniplex_forest_clump_medium,
          basic_altar, minivault_14, minmay_misc_feat_more_columns,
          minmay_increasing_density, uniq_robin

Notes
Turn   | Place    | Note
-------+----------+-------------------------------------------
     0 | D:1      | Ruich the Octopode Fighter began the quest for the Orb.
     0 | D:1      | Reached XP level 1. HP: 16/16 MP: 1/1
     0 | D:1      | Ruich: !lg * week current trunk killer~~yellow_drac sdam>60
                  | x=avg(dur)
     0 | D:1      | beem: 16 games for * (week current trunk
                  | killer~~yellow_drac sdam>60): avg(dur)=4:01:12
   188 | D:1      | Found Boir's Magic Scroll Shop.
   203 | D:1      | Reached XP level 2. HP: 20/21 MP: 2/2
   264 | D:1      | Reached skill level 1 in Stealth
   523 | D:1      | Reached XP level 3. HP: 24/26 MP: 3/3
  1201 | D:2      | Noticed Robin
  1253 | D:2      | Learned a level 3 spell: Ozocubu's Armour
  1288 | D:2      | Reached XP level 4. HP: 30/31 MP: 4/4
  1509 | D:2      | Reached skill level 3 in Unarmed Combat
  1515 | D:2      | HP: 2/31 [Robin/+0 spear (6)]
  1516 | D:2      | Slain by Robin

Vanquished Creatures
  An adder (D:2)
  3 dart slugs
  A ribbon worm (D:2)
  2 ball pythons (D:1)
  3 bats
  8 endoplasms
  3 giant cockroaches
  13 goblins
  12 hobgoblins
  A frilled lizard (D:1)
  2 kobolds (D:1)
  3 rats
52 creatures vanquished.

Table legend: (Time is in decaauts)
 A = Elapsed time spent in this place.
 B = Non-inter-level travel time spent in this place.
 C = Inter-level travel time spent in this place.
 D = Time resting spent in this place.
 E = Time spent auto-exploring this place.
 F = Levels seen in this place.
 G = Mean time per level.
                   A        B        C        D        E       F      G
               +--------+--------+--------+--------+--------+-----+--------+
         Total |   1515 |   1476 |     39 |    293 |    856 |   2 |  757.5 |
       Dungeon |   1515 |   1476 |     39 |    293 |    856 |   2 |  757.5 |
               +--------+--------+--------+--------+--------+-----+--------+

Top non-repeatable levels by time:
     D:1: 1074 daAuts
     D:2: 440 daAuts

Table legend:
 A = Non-vault XP
 B = Vault XP
 C = Vault XP percentage of total XP
 D = Non-vault monster count
 E = Vault monster count
 F = Vault count percentage of total count
                 A         B        C        D         E       F
            +---------+---------+-------+---------+---------+-------
      Total |      80 |      36 |  31.0 |      33 |      19 |  36.5
            +---------+---------+-------+---------+---------+-------
        D:1 |      45 |       7 |  13.5 |      23 |       4 |  14.8
        D:2 |      35 |      29 |  45.3 |      10 |      15 |  60.0
            +---------+---------+-------+---------+---------+-------
